 Dungeon Crawl Stone Soup version 0.25.1-2-g60ff931df9 (webtiles) character file.

Game seed: 10791145630786532601

243856 Drachen the Pandemonic (level 18, -4/145 (146) HPs)
             Began as a Demonspawn Gladiator on Oct 20, 2020.
             Was a High Priest of Makhleb.
             Splashed with acid (26 damage)
             ... on level 5 of the Pits of Slime on Oct 21, 2020.
             The game lasted 02:16:21 (37299 turns).

Drachen the Pandemonic (Demonspawn Gladiator)      Turns: 37299, Time: 02:16:21

HP:   -4/145 (146)  AC: 38    Str: 21    XL:     18   Next: 72%
MP:   9/9           EV: 19    Int: 11    God:    Makhleb [*****.]
Gold: 2930          SH: 16    Dex: 35    Spells: 19/21 levels left

rFire    + + +     SeeInvis .   T - +6 demon trident (antimagic)
rCold    . . .     Gourm    .   y - +3 buckler
rNeg     . . .     Faith    .   E - +15 plate armour of Laomiasm {Int+2 Dex+6}
rPois    +         Spirit   .   (helmet unavailable)
rElec    .         Reflect  +   I - scarf {repulsion}
rCorr    .         Harm     .   v - +1 pair of gloves
MR       +++..     Rnd*Tele +   D - +0 pair of boots
Stlth    ..........             C - amulet of reflection
HPRegen  0.34/turn              r - ring of Zomoerin {rF+++ rC- MR++ Dex+6 Stlth+}
MPRegen  0.11/turn              a - +6 ring of dexterity

@: studying Ice Magic, repel missiles
A: horns 3, molten scales 3, blink, cold resistance 1, demonic guardian 2, low
mp 1, poison resistance, powered by death 2, teleportitis 1, no potion heal 2
}: 2/15 runes: decaying, gossamer
a: Blink, Minor Destruction, Lesser Servant of Makhleb, Major Destruction,
Greater Servant of Makhleb, Renounce Religion


You were on level 5 of the Pits of Slime.
You worshipped Makhleb.
Makhleb was extremely pleased with you.
You were not hungry.

You visited 7 branches of the dungeon, and saw 37 of its levels.
You also visited: Gauntlet and Ice Cave.

You collected 3206 gold pieces.
You spent 276 gold pieces at shops.

Inventory:

Hand Weapons
 T - a +6 antimagic demon trident (weapon)
Armour
 v - a +1 pair of gloves (worn)
 y - a +3 buckler (worn)
 z - a +0 kite shield of reflection
 D - a +0 pair of boots (worn)
 E - the +15 plate armour of Laomiasm (worn) {Int+2 Dex+6}
   (You found it on level 3 of the Swamp)

   It affects your intelligence (+2).
   It affects your dexterity (+6).
 I - a scarf of repulsion (worn)
 P - a +2 cloak of cold resistance
Jewellery
 a - a +6 ring of dexterity (right hand)
 g - an uncursed ring of protection from magic
 j - an uncursed ring of flight
 m - an uncursed ring of ice
 r - the ring of Zomoerin (left hand) {rF+++ rC- MR++ Dex+6 Stlth+}
   (You took it off a minotaur in a Gauntlet)

   [ring of dexterity]

   It affects your dexterity (+6).
   It renders you almost immune to fire.
   It makes you vulnerable to cold.
   It affects your resistance to hostile enchantments.
   It makes you more stealthy.
 A - an uncursed ring of resist corrosion
 C - an amulet of reflection (around neck)
 U - an uncursed ring of ice
 V - an uncursed ring of see invisible
Wands
 b - a wand of acid (41)
 c - a wand of iceblast (57)
 s - a wand of clouds (12)
 R - a wand of digging (4)
Scrolls
 d - a scroll of enchant armour
 l - 7 scrolls of amnesia
 n - 14 scrolls of remove curse
 p - 3 scrolls of immolation
 q - 13 scrolls of teleportation
 B - 2 scrolls of torment
 G - 3 scrolls of fog
 L - 3 scrolls of acquirement
 O - a scroll of silence
 Q - 4 scrolls of fear
 S - a scroll of enchant weapon
 Z - 4 scrolls of magic mapping
Potions
 e - 4 potions of ambrosia
 h - 4 potions of haste
 i - 4 potions of stabbing
 k - 11 potions of curing
 o - 2 potions of brilliance
 t - 8 potions of lignification
 w - 7 potions of heal wounds
 x - 3 potions of flight
 F - 4 potions of might
 M - a potion of resistance
 X - a potion of berserk rage
Books
 K - a manual of Ice Magic
Miscellaneous
 J - a lightning rod (4/4)
Comestibles
 f - 58 rations


   Skills:
 - Level 14.0 Fighting
 + Level 15.3 Polearms
   Level 4.7(5.0) Slings
 - Level 2.0(3.6) Throwing
 + Level 12.0 Armour
 + Level 13.5 Dodging
 - Level 5.0 Shields
 - Level 2.0 Spellcasting
 - Level 6.0 Hexes
 - Level 12.0 Ice Magic
 - Level 17.0 Invocations


You had 19 spell levels left.
You knew the following spells:

 Your Spells              Type           Power        Failure   Level  Hunger
a - Ensorcelled Hibernat  Hex/Ice        ###...       14%         2    ###....

Your spell library contained the following spells:

 Spells                   Type           Power        Failure   Level  Hunger
 Corona                   Hex            ##.....      32%         1    ##.....
 Slow                     Hex            ##......     43%         2    ###....
 Confusing Touch          Hex            ##......     67%         3    ####...
 Tukima's Dance           Hex            ##......     67%         3    ####...
 Metabolic Englaciation   Hex/Ice        ###.......   95%         5    ######.
 Dazzling Flash           Conj/Hex       #.....       97%         3    ####...
 Inner Flame              Hex/Fire       #.......     97%         3    ####...
 Portal Projectile        Hex/Tloc       #.....       97%         3    ####...
 Cause Fear               Hex            ##........   97%         4    #####..
 Beastly Appendage        Tmut           #.....       98%         1    ##.....
 Foxfire                  Conj/Fire      #...         98%         1    ##.....
 Sting                    Tmut/Pois      #...         98%         1    ##.....
 Sublimation of Blood     Necr           #.........   99%         2    ###....
 Conjure Flame            Conj/Fire      #.......     100%        3    ####...
 Gell's Gravitas          Tloc           #.........   100%        3    ####...
 Ignite Poison            Fire/Tmut/Pois #.......     100%        3    ####...
 Leda's Liquefaction      Hex/Erth       #.........   100%        4    #####..
 Petrify                  Tmut/Erth      #.......     100%        4    #####..
 Sticky Flame             Conj/Fire      #.......     100%        4    #####..
 Alistair's Intoxication  Tmut/Pois      #.......     100%        5    ######.
 Fireball                 Conj/Fire      #.........   100%        5    ######.
 Irradiate                Conj/Tmut      #.........   100%        5    ######.
 Silence                  Hex/Air        #.........   100%        5    ######.
 Yara's Violent Unravell  Hex/Tmut       #.........   100%        5    ######.
 Eringya's Noxious Bog    Tmut/Pois      #.........   100%        6    #######
 Hydra Form               Tmut           #.........   100%        6    #######
 Statue Form              Tmut/Erth      #........    100%        6    #######
 Dragon Form              Tmut           #.........   100%        7    #######
 Discord                  Hex            ##........   100%        8    #######


Dungeon Overview and Level Annotations

Branches:
Dungeon (15/15)            Temple (1/1) D:5            Lair (6/6) D:8
  Swamp (4/4) Lair:2       Spider (4/4) Lair:2        Slime (5/5) Lair:5
    Orc (2/2) D:11            Elf (0/3) Orc:2        Vaults (0/5) D:13
 Depths (0/5) D:15          IceCv (visited)         Gauntlet (visited)

Altars:
Ashenzari
Cheibriados
Dithmenos
Elyvilon
Fedhas
Gozag
Hepliaklqana
Kikubaaqudgha
Makhleb
Nemelex Xobeh
Okawaru
Qazlal
Ru
Sif Muna
Trog
Uskayaw
Vehumet
Wu Jian
Xom
Yredelemnul
Zin
The Shining One
Beogh

Shops:
D:10 *   Orc:2 :(*[

Annotations:
D:4 exclusion: statue


Innate Abilities, Weirdness & Mutations

You have a pair of large horns on your head.
You are completely covered in molten scales. (AC +4, rF+)
Your flesh is cold resistant. (rC+)
A demonic guardian rushes to your aid.
You regenerate health from kills.
You can translocate small distances at will.
Your magical capacity is low. (-10% MP)
Your system is resistant to poisons. (rPois)
You are occasionally teleported next to monsters.
Potions are poor at restoring your health.


Message History

The azure jelly burns!
Flame seeps out of the azure jelly.
The azure jelly is engulfed in blazing flames.
Flame seeps out of the azure jelly.
The acid blob is engulfed in blazing flames.
You blink.
You feel slightly more hungry.
You are splashed with acid!!
* * * LOW HITPOINT WARNING * * *
The azure jelly burns!
Flame seeps out of the azure jelly.
The azure jelly is engulfed in blazing flames.
Flame seeps out of the azure jelly.
Unknown command.
Okay, then.
Press: ? - help, v - describe, . - travel A slime covered rock wall.
Press: ? - help, Shift-Dir - straight line, f/p - azure jelly
Aim: an azure jelly (almost dead, inner flame, covered in liquid flames)
The fireball explodes!
The fireball engulfs the azure jelly!!
The azure jelly is burned terribly!
The azure jelly explodes!
You are splashed with acid!!
You die...

#### ## . ###@.#
##.##..
###...§###.......
#......§.........
##.....§.§........
###......J..○.......
#..........°........
#...................
##.....§§§§.........
#..<................


You could see a death ooze.

Vanquished Creatures
  the Royal Jelly (Slime:5)
  Arachne (Spider:2)
  Jorgrun (Spider:2)
  Asterion (Spider:2)
  9 acid blobs
  3 thorn hunters
  13 azure jellies
  Aizul (Swamp:3)
  4 ghost moths
  An orc warlord (Orc:2)
  8 emperor scorpions
  3 entropy weavers
  A dire elephant (Lair:3)
  2 spark wasps (Spider:3)
  Azrael (Spider:2)
  A minotaur (Gauntlet)
  Snorg (Lair:3)
  7 death oozes
  3 fire dragons
  Fannar (Lair:2)
  3 great orbs of eyes
  16 hydras
  A catoblepas (D:14)
  A shambling mangrove (Swamp:3)
  2 two-headed ogres (D:15)
  6 alligators
  An anaconda (Swamp:1)
  4 vault guards (D:13)
  Erica (D:9)
  3 centaur warriors
  2 ghost crabs (Swamp:4)
  An orc high priest (Orc:2)
  5 death yaks (Lair:4)
  Urug (Orc:2)
  A fire crab (shapeshifter) (D:15)
  A wizard (D:15)
  3 unseen horrors
  A glowing orange brain (D:15)
  2 swamp dragons
  A lindwurm (Lair:6)
  A wolf spider zombie (D:15)
  2 orc knights (Orc:2)
  A necromancer (IceCv)
  A shining eye (Slime:3)
  5 ugly things
  4 orc sorcerers
  24 wolf spiders
  10 orb spiders
  2 cyclopes
  93 slime creatures
  7 elephants (Lair:3)
  An ice statue (IceCv)
  A moth of wrath (Gauntlet)
  6 black mambas
  An eye of devastation (Slime:2)
  3 molten gargoyles (Lair:6)
  23 spiny frogs
  2 torpor snails
  An efreet (D:14)
  8 freezing wraiths
  11 komodo dragons
  8 demonic crawlers
  3 trolls
  A queen bee (shapeshifter) (D:13)
  A meliai (shapeshifter) (D:15)
  28 jumping spiders
  9 tyrant leeches
  7 hornets
  6 bog bodies
  23 blink frogs
  9 hippogriffs
  4 shadows
  23 tarantellas
  7 wyverns
  3 spriggans
  16 yaks
  3 water elementals (D:12)
  51 redbacks
  2 wraiths
  A vampire (D:15)
  2 basilisks (Lair:6)
  13 golden eyes
  A basilisk (shapeshifter) (D:15)
  A fire bat (Swamp:4)
  2 chaos spawn (Gauntlet)
  2 hungry ghosts (D:12)
  A human (Spider:3)
  A neqoxec (Gauntlet)
  7 steam dragons
  A fire elemental (Spider:2)
  A vampire mosquito (Swamp:4)
  3 wargs
  4 acid dragons
  5 hell hounds
  14 insubstantial wisps
  11 soldier ants (Lair:5)
  16 swamp worms
  12 water moccasins
  5 porcupines
  7 swamp drakes
  2 sky beasts
  20 orc warriors
  4 black bears
  3 eyes of draining
  8 ice beasts
  4 ogres
  A phantom (D:14)
  16 centaurs
  4 wolves (Lair:5)
  4 boggarts (D:14)
  3 big kobolds
  6 crocodiles
  13 bullfrogs
  A wyvern zombie (D:10)
  3 scorpions
  19 killer bees
  A swamp dragon simulacrum (IceCv)
  2 elephant simulacra (IceCv)
  5 wights
  9 electric eels
  A howler monkey (D:8)
  4 lava snakes (Lair:6)
  4 crimson imps
  4 bullfrog zombies
  2 centaur zombies
  A quasit (D:9)
  A draconian simulacrum (IceCv)
  3 centaur skeletons
  3 bullfrog skeletons
  3 hounds
  18 jellies
  11 orc priests
  2 iguanas
  18 orc wizards
  Ijyb (D:4)
  6 spriggan simulacra (IceCv)
  19 worker ants
  4 troll simulacra (IceCv)
  A wolf simulacrum (IceCv)
  3 centaur simulacra (IceCv)
  A hound skeleton (D:4)
  2 worker ant zombies
  Robin (D:4)
  13 gnolls
  9 adders
  A naga simulacrum (IceCv)
  2 ogre simulacra (IceCv)
  4 shadow imps
  4 white imps (IceCv)
  An ooze (Lair:5)
  2 adder skeletons (D:5)
  2 worms
  2 dart slugs
  10 leopard geckos
  59 orcs
  5 ball pythons
  7 bats
  2 giant cockroaches (D:3)
  21 goblins
  10 hobgoblins
  16 jackals
  3 quokkas
  8 frilled lizards
  A jackal zombie (D:5)
  23 kobolds
  A leopard gecko skeleton (D:8)
  11 rats
  7 briar patches
1105 creatures vanquished.

Vanquished Creatures (collateral kills)
  Mara (Swamp:3)
  An acid blob (Slime:2)
  Kirke (Spider:3)
  Roxanne (Swamp:3)
  Donald (Swamp:4)
  3 emperor scorpions
  An entropy weaver (Spider:1)
  A death ooze (Slime:1)
  A fire dragon (Swamp:4)
  4 vault guards (D:13)
  A ghost crab (Swamp:4)
  3 hydras
  A death yak (Lair:4)
  A queen ant (Lair:5)
  3 two-headed ogres
  3 alligators
  Sonja (Lair:3)
  2 fire crabs (Swamp:4)
  A swamp dragon (Swamp:4)
  An orc knight (Orc:2)
  3 orb spiders (Spider:4)
  2 shining eyes
  6 wolf spiders
  2 black mambas
  5 elephants (Lair:3)
  A spiny frog (Swamp:4)
  A demonic crawler (Spider:2)
  3 freezing wraiths (IceCv)
  A komodo dragon (Lair:1)
  6 jumping spiders
  A hornet (Swamp:1)
  8 blink frogs
  12 slime creatures
  7 tarantellas
  A wyvern (Lair:4)
  12 redbacks
  14 yaks
  A spriggan (Swamp:1)
  A hog (Spider:3)
  2 fire bats (Swamp:4)
  A golden eye (Slime:2)
  A basilisk (Lair:6)
  A warg (Orc:2)
  3 vampire mosquitoes (Swamp:4)
  A water moccasin (D:9)
  2 swamp worms
  4 hell hounds
  6 soldier ants (Lair:5)
  2 sky beasts
  7 orc warriors
  A swamp drake (Swamp:4)
  2 ogres
  A wolf (Lair:5)
  2 centaurs (D:5)
  2 wights (D:14)
  A killer bee (D:10)
  A lava snake (Lair:6)
  2 orc priests
  A hound (D:14)
  5 worker ants (Lair:5)
  A troll simulacrum (IceCv)
  A centaur simulacrum (IceCv)
  3 adders (Swamp:1)
  8 white imps (IceCv)
  3 orcs
  2 goblins (D:4)
  A hobgoblin (D:4)
  A plant (Lair:5)
187 creatures vanquished.

Vanquished Creatures (others)
  A hydra (Swamp:4)
  A swamp dragon (Swamp:4)
  A lindwurm (Swamp:4)
  A hornet (Swamp:4)
  A spriggan (Swamp:4)
  A human (Spider:4)
  A hell hound (Spider:2)
  5 swamp drakes (Swamp:4)
  An orc wizard (Orc:2)
  An orc (D:12)
  A briar patch (Swamp:3)
  10 fungi
25 creatures vanquished.

Grand Total: 1317 creatures vanquished

Notes
Turn   | Place    | Note
-------+----------+-------------------------------------------
     0 | D:1      | Drachen the Demonspawn Gladiator began the quest for the
                  | Orb.
     0 | D:1      | Reached XP level 1. HP: 16/16 MP: 1/1
    25 | D:1      | Gained mutation: You are partially covered in molten
                  | scales. (AC +2) [demonic ancestry]
    25 | D:1      | Reached XP level 2. HP: 22/22 MP: 2/2
   477 | D:1      | Reached skill level 1 in Armour
   477 | D:1      | Gained mutation: You are mostly covered in molten scales.
                  | (AC +3) [demonic ancestry]
   477 | D:1      | Reached XP level 3. HP: 19/28 MP: 3/3
   857 | D:2      | Found a shadowy altar of Dithmenos.
  1392 | D:2      | Found a shimmering altar of Xom.
  1399 | D:2      | Found a hazy altar of Hepliaklqana.
  1401 | D:2      | Noticed a spectral ugly thing
  1469 | D:2      | Found a glowing golden altar of the Shining One.
  1517 | D:3      | Gained mutation: A weak demonic guardian rushes to your
                  | aid. [demonic ancestry]
  1517 | D:3      | Reached XP level 4. HP: 34/34 MP: 4/4
  1817 | D:3      | Found a faded altar of an unknown god.
  2557 | D:4      | Noticed Robin
  2599 | D:4      | Killed Robin
  2599 | D:4      | Gained mutation: You have a pair of small horns on your
                  | head. [demonic ancestry]
  2599 | D:4      | Reached XP level 5. HP: 37/41 MP: 5/5
  2843 | D:4      | Noticed Ijyb
  2856 | D:4      | Killed Ijyb
  2930 | D:4      | Noticed a sky beast
  2959 | D:4      | Killed a sky beast
  3089 | D:4      | Reached XP level 6. HP: 26/47 MP: 6/6
  3428 | D:4      | Found a radiant altar of Vehumet.
  4252 | D:4      | Found a sparkling altar of Nemelex Xobeh.
  4252 | D:4      | Found an opulent altar of Gozag.
  4262 | D:4      | Gained mutation: A demonic guardian rushes to your aid.
                  | [demonic ancestry]
  4262 | D:4      | Reached XP level 7. HP: 25/54 MP: 7/7
  4825 | D:5      | Entered Level 5 of the Dungeon
  5322 | D:5      | Got an iridescent hunting sling
  5324 | D:5      | Identified the +9 hunting sling "Jostoik" {venom, Str+6}
                  | (You found it on level 5 of the Dungeon)
  5824 | D:5      | Found an ancient bone altar of Kikubaaqudgha.
  5831 | D:5      | Found a blossoming altar of Fedhas.
  5855 | D:5      | Found a shimmering blue altar of Sif Muna.
  6035 | D:5      | Found a staircase to the Ecumenical Temple.
  6171 | Temple   | Entered the Ecumenical Temple
  6466 | D:6      | Found a bloodstained altar of Trog.
  6547 | D:6      | Reached skill level 5 in Fighting
  6547 | D:6      | Reached skill level 5 in Polearms
  6547 | D:6      | Reached skill level 5 in Dodging
  6547 | D:6      | Reached XP level 8. HP: 62/62 MP: 8/8
  6665 | D:6      | Found a snail-covered altar of Cheibriados.
  6720 | D:6      | Got a polished chain mail
  6731 | D:6      | Identified the cursed +0 chain mail "Xoacivuc" {Regen+
                  | rCorr Str+5} (You found it on level 6 of the Dungeon)
  6802 | D:6      | Found an ornate altar of the Wu Jian Council.
  7026 | D:7      | Reached skill level 1 in Slings
  7041 | D:7      | Found a burning altar of Makhleb.
  7083 | D:7      | Became a worshipper of Makhleb the Destroyer
  7253 | D:7      | Reached skill level 1 in Invocations
  7535 | D:7      | Found a sacrificial altar of Ru.
  7582 | D:7      | Reached skill level 2 in Invocations
  7995 | D:8      | Reached skill level 5 in Armour
  7995 | D:8      | Reached skill level 3 in Invocations
  8035 | D:8      | Reached * piety under Makhleb
  8100 | D:8      | Gained mutation: You have a pair of horns on your head.
                  | [demonic ancestry]
  8100 | D:8      | Reached XP level 9. HP: 69/69 MP: 11/11
  8284 | D:8      | Found a staircase to the Lair.
  8637 | D:9      | Reached skill level 4 in Invocations
  8873 | D:9      | Reached skill level 5 in Invocations
  9015 | D:9      | Reached ** piety under Makhleb
  9112 | D:9      | Found a hide-covered altar of Uskayaw.
  9115 | D:9      | Noticed Erica
  9130 | D:9      | Killed Erica
  9130 | D:9      | Reached skill level 6 in Invocations
  9130 | D:9      | Gained mutation: You regenerate a little health from kills.
                  | [demonic ancestry]
  9130 | D:9      | Reached XP level 10. HP: 79/79 MP: 14/14
  9519 | D:10     | Entered Level 10 of the Dungeon
  9532 | D:10     | Noticed a two-headed ogre
  9535 | D:10     | Killed a two-headed ogre
  9592 | D:10     | Found Ydezaf's Assorted Antiques.
  9621 | D:10     | Reached skill level 7 in Invocations
  9702 | D:10     | Reached *** piety under Makhleb
  9915 | D:10     | You fall into a shaft and drop 1 floor!
  9940 | D:11     | Killed an unseen horror
  9940 | D:11     | Reached skill level 8 in Invocations
  9948 | D:11     | Found a frozen archway.
 10020 | IceCv    | Entered an ice cave
 10121 | IceCv    | Gained mutation: You regenerate health from kills. [demonic
                  | ancestry]
 10121 | IceCv    | Reached XP level 11. HP: 87/87 MP: 17/17
 10154 | IceCv    | Reached skill level 9 in Invocations
 10216 | IceCv    | Reached **** piety under Makhleb
 10274 | IceCv    | Found an ancient bone altar of Kikubaaqudgha.
 10461 | IceCv    | Noticed a necromancer
 10571 | IceCv    | Killed a necromancer
 10774 | IceCv    | Reached skill level 10 in Invocations
 10950 | D:11     | Noticed a two-headed ogre
 10955 | D:11     | Killed a two-headed ogre
 10990 | D:11     | Reached ***** piety under Makhleb
 11220 | D:11     | Reached skill level 10 in Fighting
 11232 | D:11     | Found a staircase to the Orcish Mines.
 11243 | D:11     | Found a roughly hewn altar of Beogh.
 11608 | D:11     | Learned a level 2 spell: Ensorcelled Hibernation
 11611 | Orc:1    | Entered Level 1 of the Orcish Mines
 11611 | Orc:1    | Noticed an orc sorcerer
 11614 | Orc:1    | Killed an orc sorcerer
 11614 | Orc:1    | Reached skill level 1 in Ice Magic
 11880 | Orc:2    | Entered Level 2 of the Orcish Mines
 11946 | Orc:2    | Noticed an orc sorcerer
 11952 | Orc:2    | Killed an orc sorcerer
 12049 | Orc:2    | Noticed an orc knight
 12057 | Orc:2    | Killed an orc knight
 12059 | Orc:2    | Reached skill level 5 in Ice Magic
 12060 | Orc:2    | Reached skill level 10 in Dodging
 12064 | Orc:2    | Gained mutation: You are completely covered in molten
                  | scales. (AC +4, rF+) [demonic ancestry]
 12064 | Orc:2    | Reached XP level 12. HP: 97/97 MP: 19/19
 12067 | Orc:2    | Noticed an orc high priest
 12068 | Orc:2    | Noticed Urug
 12073 | Orc:2    | Killed an orc high priest
 12088 | Orc:2    | Reached skill level 1 in Spellcasting
 12088 | Orc:2    | Reached skill level 1 in Hexes
 12093 | Orc:2    | Killed Urug
 12217 | Orc:2    | Noticed an orc warlord
 12235 | Orc:2    | Killed an orc warlord
 12335 | Orc:2    | Found a roughly hewn altar of Beogh.
 12351 | Orc:2    | Found Wihesmot's General Store.
 12389 | Orc:2    | Found Caguon's Antique Armour Shoppe.
 12393 | Orc:2    | Found Asyppeis's Antique Weapon Shoppe.
 12411 | Orc:2    | Found Netami's Book Shoppe.
 12858 | Orc:2    | Found a staircase to the Elven Halls.
 12875 | Orc:2    | Reached ****** piety under Makhleb
 13449 | Lair:1   | Entered Level 1 of the Lair of Beasts
 14079 | Lair:2   | Noticed Fannar
 14086 | Lair:2   | Killed Fannar
 14594 | Lair:2   | Noticed a four-headed hydra
 14600 | Lair:2   | Killed a four-headed hydra
 14724 | Lair:2   | Gained mutation: You have a pair of large horns on your
                  | head. [demonic ancestry]
 14724 | Lair:2   | Reached XP level 13. HP: 103/103 MP: 20/20
 14769 | Lair:2   | Found a staircase to the Swamp.
 14938 | Lair:2   | Found a hole to the Spider Nest.
 15365 | Lair:3   | Noticed Snorg
 15385 | Lair:3   | Killed Snorg
 15426 | Lair:3   | Noticed Sonja
 15429 | Lair:3   | Killed Sonja
 15816 | Lair:3   | Noticed a dire elephant
 15845 | Lair:3   | Killed a dire elephant
 16831 | Orc:2    | Bought a runed buckler for 210 gold pieces
 17279 | Lair:4   | Reached skill level 1 in Shields
 17838 | Lair:5   | Reached skill level 10 in Armour
 18004 | Lair:5   | Found a staircase to the Slime Pits.
 18518 | Lair:5   | Noticed an entropy weaver
 18548 | Lair:5   | Reached XP level 14. HP: 110/110 MP: 21/21
 18569 | Lair:5   | Killed an entropy weaver
 18589 | Lair:5   | Noticed an entropy weaver
 18592 | Lair:5   | Killed an entropy weaver
 18795 | Lair:6   | Entered Level 6 of the Lair of Beasts
 18901 | Lair:6   | Reached skill level 10 in Polearms
 19818 | Lair:6   | Found a large runed translucent door.
 19819 | Lair:6   | Found a large runed translucent door.
 22054 | D:13     | Found a gate to the Vaults.
 22735 | D:10     | Bought a scroll of identify for 66 gold pieces
 23145 | D:14     | Found a gate leading to a gauntlet.
 23154 | Gauntlet | Entered a Gauntlet
 23154 | Gauntlet | Found a transporter.
 23154 | Gauntlet | Found a runed translucent door.
 23154 | Gauntlet | Found a transporter.
 23163 | Gauntlet | Found a transporter.
 23166 | Gauntlet | Found a transporter.
 23174 | Gauntlet | Found a transporter.
 23178 | Gauntlet | Found a transporter.
 23186 | Gauntlet | Found a transporter.
 23201 | Gauntlet | Found a runed translucent gate.
 23202 | Gauntlet | Found a transporter.
 23202 | Gauntlet | Found a runed translucent gate.
 23203 | Gauntlet | Found a runed translucent gate.
 23216 | Gauntlet | Found a transporter.
 23220 | Gauntlet | Found a transporter.
 23228 | Gauntlet | Found a transporter.
 23232 | Gauntlet | Found a transporter.
 23236 | Gauntlet | Found a runed translucent door.
 23599 | Gauntlet | Gained mutation: You are clumsy. (Dex -2) [a neqoxec]
 23604 | Gauntlet | Reached XP level 15. HP: 115/115 MP: 7/22
 23803 | Gauntlet | Lost mutation: You are clumsy. (Dex -2) [potion of
                  | mutation]
 23803 | Gauntlet | Gained mutation: Potions are less effective at restoring
                  | your health. [potion of mutation]
 23803 | Gauntlet | Gained mutation: Your system is resistant to poisons.
                  | (rPois) [potion of mutation]
 23803 | Gauntlet | Gained mutation: You can translocate small distances at
                  | will. [potion of mutation]
 23808 | Gauntlet | Identified the +9 spear "Yvacuotu" {vorpal, +Rage MR+
                  | Str-4}
 23808 | Gauntlet | Identified the ring of Zomoerin {rF+++ rC- MR++ Dex+6
                  | Stlth+}
 24400 | D:14     | Got a shimmering quarterstaff
 24403 | D:14     | Identified the +1 quarterstaff of Income {antimagic, +Fly
                  | rPois Int+2 Stlth+} (You found it on level 14 of the
                  | Dungeon)
 24434 | D:15     | Entered Level 15 of the Dungeon
 25701 | D:15     | Found a staircase to the Depths.
 25938 | Spider:1 | Entered Level 1 of the Spider Nest
 26104 | Spider:1 | Reached skill level 11 in Invocations
 26772 | Spider:2 | Noticed Asterion
 26976 | Spider:2 | Reached skill level 10 in Ice Magic
 26977 | Spider:2 | Noticed Azrael
 26986 | Spider:2 | Reached skill level 12 in Invocations
 26994 | Spider:2 | Killed Azrael
 27068 | Spider:2 | Killed Asterion
 27159 | Spider:2 | Noticed Jorgrun
 27172 | Spider:2 | Killed Jorgrun
 27175 | Spider:2 | Reached XP level 16. HP: 121/127 MP: 8/25
 27406 | Spider:2 | Noticed Arachne
 27426 | Spider:2 | Killed Arachne
 27426 | Spider:2 | Reached skill level 13 in Invocations
 28227 | Spider:3 | Reached skill level 14 in Invocations
 28231 | Spider:3 | Got a jewelled hunting sling
 28234 | Spider:3 | Identified the +9 hunting sling "Wup Kaed" {freeze, Dex+8}
                  | (You found it on level 3 of the Spider Nest)
 28645 | Spider:4 | Entered Level 4 of the Spider Nest
 28646 | Spider:4 | Noticed Kirke
 28730 | Spider:3 | Killed Kirke
 29042 | Spider:4 | Reached skill level 15 in Invocations
 29404 | Spider:4 | Got a gossamer rune of Zot
 30012 | Swamp:1  | Entered Level 1 of the Swamp
 30108 | Swamp:1  | Found a hazy altar of Hepliaklqana.
 30307 | Swamp:1  | Gained mutation: Your flesh is cold resistant. (rC+)
                  | [demonic ancestry]
 30307 | Swamp:1  | Reached XP level 17. HP: 139/139 MP: 9/28
 31830 | Swamp:3  | Noticed Aizul
 31847 | Swamp:3  | Killed Aizul
 32044 | Swamp:3  | Noticed Mara
 32049 | Swamp:3  | Noticed Drachen's illusion
 32074 | Swamp:3  | Noticed Drachen's illusion
 32085 | Swamp:3  | Noticed Drachen's illusion
 32086 | Swamp:3  | Killed Mara
 32151 | Swamp:3  | Identified Roxanne's Handbook of Changing
 32151 | Swamp:3  | Noticed Roxanne
 32176 | Swamp:3  | Killed Roxanne
 32647 | Swamp:4  | Entered Level 4 of the Swamp
 33037 | Swamp:4  | Reached skill level 16 in Invocations
 33105 | Swamp:4  | Reached skill level 5 in Hexes
 33265 | Swamp:4  | Noticed Donald
 33271 | Swamp:4  | Killed Donald
 33368 | Swamp:4  | Got a decaying rune of Zot
 33412 | Swamp:4  | Identified 3 scrolls of acquirement
 33634 | Slime:1  | Entered Level 1 of the Pits of Slime
 33973 | Swamp:3  | Got a spiked plate armour
 33974 | Swamp:3  | Identified the +15 plate armour of Laomiasm {Int+2 Dex+6}
                  | (You found it on level 3 of the Swamp)
 34350 | Slime:1  | Noticed an acid blob
 34543 | Lair:5   | Killed an acid blob
 34543 | Lair:5   | Reached XP level 18. HP: 146/146 MP: 10/30
 35668 | Slime:1  | Reached skill level 5 in Shields
 36081 | Slime:3  | Gained mutation: Potions are poor at restoring your health.
                  | [a shining eye]
 36748 | Slime:4  | Reached skill level 15 in Polearms
 36813 | Slime:4  | Gained mutation: You are occasionally teleported next to
                  | monsters. [a shining eye]
 36815 | Slime:4  | Gained mutation: Your magical capacity is low. (-10% MP) [a
                  | shining eye]
 36975 | Slime:5  | Entered Level 5 of the Pits of Slime
 37273 | Slime:4  | Reached skill level 17 in Invocations
 37289 | Slime:5  | Noticed the Royal Jelly
 37294 | Slime:5  | Killed the Royal Jelly
 37299 | Slime:5  | Splashed with acid

Illustrated notes

Levels and vault maps discovered:
D:1:      giann_horns, layout_basic, palyth_stone_intersect
D:2:      layout_rooms, regret_index_temple_of_mockery, grunt_dithmenos_smoke,
          tso_altar, first_ration
D:3:      layout_loops_ring, chequers_ecumenical_altar_simple
D:4:      corexii_shantytown, layout_layer_cave, vehumet_statue,
          grunt_temple_overflow_opulence, chequers_serial_rivers_small_3,
          uniq_robin, uniq_ijyb
D:5:      layout_basic, grunt_temple_overflow_growth_and_decay,
          overflow_temple_1_default, minmay_temple_entry_proselytizer,
          st_stairs_9
D:6:      layout_basic, cheibriados_altar_1, kennysheep_mini_moat, bloody_trog
D:7:      layout_basic, overflow_temple_1_default, basic_altar
D:8:      layout_basic, dpeg_oklobed_lair
D:9:      layout_basic, basic_altar, uniq_erica
D:10:     layout_rooms, serial_shops, shop
D:11:     layout_rooms, minmay_orc_entry_temple_small,
          portal_ice_cave_entry_pillars_1
D:12:     layout_basic
D:13:     layout_loops_ring, erik_vaults_2
D:14:     layout_cave_pools, gauntlet_entry_generic, minmay_misc_feat_rugged
D:15:     gammafunk_enter_depths_forms, layout_irregular_city, minivault_25,
          hex_medium, minmay_statues_item, minivault_22,
          lemuel_flamethrower_hall
Temple:   jpeg_temple_island
Lair:1:   layout_hall_layers, beast_lair_carwin_7
Lair:2:   layout_cave_pods, nicolae_swamp_entry_splash_gauntlet,
          nicolae_spider_entry_orb_guardian, serial_bayou_shore_b,
          lemuel_fruit_fields, uniq_fannar
Lair:3:   mu_elephants_graveyard, layout_small_grid, infiniplex_staircase_pool,
          uniq_snorg, uniq_sonja
Lair:4:   layout_gridlike
Lair:5:   layout_loops_ring, minmay_slime_entry_jelly_boxes, zaba_antful_of_joy,
          grunt_megastairs_1
Lair:6:   cheibrodos_lair_end_hotspot, layout_regular_city, serial_bayou_pond_e
Swamp:1:  layout_basic_swamp, basic_altar, nicolae_swamp_snake_nest
Swamp:2:  layout_basic_swamp, serial_swamp_ruin, evilmike_swamp_ruin_rubble_2,
          evilmike_swamp_ruin_house_5
Swamp:3:  layout_basic_swamp, evilmike_swamp_ruin_house_3, swamp_pool2,
          uniq_roxanne, uniq_mara, uniq_aizul
Swamp:4:  swamp_fiery, layout_basic_swamp, uniq_donald
Spider:1: layout_spider_delve, hangedman_spider_tarantella_strand
Spider:2: nicolae_spider_mines_1, drop_trap, uniq_arachne, uniq_azrael,
          uniq_asterion, uniq_jorgrun
Spider:3: layout_spider_delve
Spider:4: grunt_spider_rune_circles, uniq_kirke
Slime:1:  layout_caves, nicolae_slime_barrier
Slime:2:  layout_caves
Slime:3:  layout_caves
Slime:4:  layout_caves
Slime:5:  uniq_dissolution
Orc:1:    layout_caves
Orc:2:    grunt_orc_cross, layout_caves, uniq_urug

Skill      XL: |  1  2  3  4  5  6  7  8  9 10 11 12 13 14 15 16 17 18 |
---------------+-------------------------------------------------------+-----
Throwing       | 2 |  2.0
Polearms       | 3 4 5 6 9 13 14 15 | 15.3
Dodging        | 3 4 5 6 7 10 11 12 13 | 13.5
Armour         | 1 2 3 4 5 6 7 8 10 11 12 | 12.0
Fighting       | 3 4 5 6 7 8 10 11 14 | 14.0
Slings         | 2 4 |  4.7
Invocations    | 3 6 8 10 12 15 16 17 | 17.0
Ice Magic      | 5 7 10 11 12 | 12.0
Spellcasting   | 2 |  2.0
Hexes          | 3 5 6 |  6.0
Shields        | 3 4 5 |  5.0

Action                   |  1- 3 |  4- 6 |  7- 9 | 10-12 | 13-15 | 16-18 || total
-------------------------+-------+-------+-------+-------+-------+-------++-------
Melee: Trident           |   152 |   148 |       |       |       |       ||   300
       Headbutt          |       |    20 |     7 |     2 |   320 |   660 ||  1009
       Halberd           |       |    88 |    32 |       |       |       ||   120
       Hunting sling     |       |       |       |     3 |       |       ||     3
       Demon trident     |       |       |       |       |   969 |  1796 ||  2765
       Unarmed           |       |       |       |       |       |     2 ||     2
 Fire: Hunting sling     |       |       |   221 |   824 |   629 |       ||  1674
Throw: Throwing net      |       |     2 |       |       |     3 |     1 ||     6
Invok: Lesser Servant of |       |       |       |       |     6 |    12 ||    18
       Major Destruction |       |       |       |       |     4 |    20 ||    24
       Greater Servant o |       |       |       |       |     3 |    10 ||    13
       Minor Destruction |       |       |       |       |       |     4 ||     4
 Abil: Blink             |       |       |       |       |       |     6 ||     6
Evoke: Wand              |       |       |       |       |     1 |     2 ||     3
  Use: Potion            |       |     1 |       |       |     7 |     4 ||    12
       Scroll            |       |       |     2 |    10 |    20 |    12 ||    44
 Stab: Held in net/web   |       |     3 |       |       |     3 |     4 ||    10
       Distracted        |       |       |       |       |     8 |    16 ||    24
       Petrified         |       |       |       |       |     3 |       ||     3
       Invisible         |       |       |       |       |     1 |       ||     1
       Confused          |       |       |       |       |       |     2 ||     2
  Eat: Chunk             |     2 |     9 |    12 |    16 |    28 |    22 ||    89
       Ration            |       |       |     1 |       |     4 |     4 ||     9
Armor: Leather armour    |    20 |       |       |       |       |       ||    20
       Ring mail         |    19 |    52 |       |       |       |       ||    71
       Skin              |       |    35 |       |       |       |       ||    35
       Scale mail        |       |    35 |    19 |       |       |       ||    54
       Chain mail        |       |       |    10 |   129 |   319 |   337 ||   795
       Plate armour      |       |       |       |       |       |   142 ||   142
Dodge: Dodged            |    86 |   106 |    43 |   162 |   610 |   764 ||  1771
       Repelled          |       |       |       |       |       |     8 ||     8
Block: Other             |       |       |     5 |    65 |    22 |     3 ||    95
       Reflection        |       |       |       |    11 |    26 |    12 ||    49
       Buckler           |       |       |       |       |   543 |   928 ||  1471
